 Dungeon Crawl Stone Soup version 0.29.1-12-g30fa7ad0bf (webtiles) character file.

Game seed: 17950553300619791265

2 venomsnake the Shooter (level 1, -2/18 HPs)
             Began as a Minotaur Hunter on Dec 16, 2022.
             Slain by an orc
             ... wielding a +0 club
              (4 damage)
             ... on level 3 of the Dungeon.
             The game lasted 00:01:01 (346 turns).

venomsnake the Shooter (Minotaur Hunter)             Turns: 346, Time: 00:01:02

Health: -2/18      AC:  3    Str: 15    XL:     1   Next: 33%
Magic:  0/0        EV: 12    Int:  6    God:
Gold:   5          SH:  0    Dex: 13    Spells: 0/0 levels left

rFire   . . .      SeeInvis .   a - +0 shortbow
rCold   . . .      Faith    .   (shield currently unavailable)
rNeg    . . .      Spirit   .   c - +0 leather armour
rPois   .          Reflect  .   (helmet restricted)
rElec   .          Harm     .   (no cloak)
rCorr   .          Rampage  .   (no gloves)
Will    .....                   (no boots)
Stlth   +.........              (no amulet)
HPRegen 0.06/turn               (no ring)
MPRegen 0.07/turn               (no ring)

@: no status effects
A: horns 2, retaliatory headbutt
a: no special abilities


You were on level 3 of the Dungeon.
You visited 1 branch of the dungeon, and saw 3 of its levels.

You collected 5 gold pieces.

Inventory:

Hand Weapons
 a - a +0 shortbow (weapon)
Armour
 c - a +0 leather armour (worn)
Scrolls
 b - a scroll of immolation


   Skills:
 + Level 2.5 Fighting
 + Level 4.4 Ranged Weapons
 + Level 2.2 Dodging
 + Level 0.9 Stealth


You couldn't memorise any spells.
You didn't know any spells.
Your spell library was empty.

Dungeon Overview and Level Annotations

Branches:
Dungeon (3/15)

Altars:


Innate Abilities, Weirdness & Mutations

You have a pair of horns on your head.
You reflexively headbutt those who attack you in melee.


Message History

The bat closely misses you. The bat hits you but does no damage.
The orc hits you with a +0 club. The bat closely misses you.
The bat attacks as you move away! The bat hits you but does no damage.
Found a stone staircase leading down.
The bat hits you but does no damage.
You see here a +6 ring of intelligence.
The bat attacks as you move away! The bat hits you but does no damage.
The bat closely misses you. The bat misses you.
The bat attacks as you move away! The bat hits you but does no damage.
The bat barely misses you. The bat barely misses you. You furiously retaliate!
You headbutt the bat. The bat attacks as you move away!
The bat hits you but does no damage.
Found a stone staircase leading down.
The bat misses you. The bat hits you but does no damage.
The bat barely misses you. The orc closely misses you. You furiously retaliate!
You headbutt the orc. The orc closely misses you.
The bat misses you. x2; The orc misses you.
There is a stone staircase leading down here.
The bat barely misses you. You furiously retaliate!
You headbutt the bat, but do no damage. The orc hits you with a +0 club.
You climb downwards.
The frilled lizard hisses angrily.
The hobgoblin shouts!
There is a stone staircase leading up here.
The hobgoblin closely misses you. The orc hits you with a +0 club.
The hobgoblin hits you but does no damage.
The orc attacks as you move away! The orc hits you with a +0 club.
The hobgoblin barely misses you. The frilled lizard barely misses you.
The hobgoblin attacks as you move away! The hobgoblin misses you.
You furiously retaliate!
You headbutt the hobgoblin. The orc attacks as you move away!
The orc hits you with a +0 club.
* * * LOW HITPOINT WARNING * * *
The frilled lizard closely misses you. The orc closely misses you.
The orc attacks as you move away! The orc barely misses you.
The frilled lizard bites you.
* * * LOW HITPOINT WARNING * * *
The orc hits you with a +0 club.
You die...

#+# ##.#
##..######
#.###..g.....#
#....ol♣...<.#
#####.@......#
##..######
##.# #.# #.#
... ##


You could see an orc, a hobgoblin and a frilled lizard.

Vanquished Creatures
  A hobgoblin (D:1)
  2 rats (D:1)
3 creatures vanquished.

Notes
Turn   | Place    | Note
-------+----------+-------------------------------------------
     0 | D:1      | venomsnake the Minotaur Hunter began the quest for the Orb.
     0 | D:1      | Reached XP level 1. HP: 18/18 MP: 0/0
   346 | D:3      | Slain by an orc

Illustrated notes

Levels and vault maps discovered:
D:1:      lightli_arrival_statuegarden, layout_loops_ring,
          hellmonk_ecumenical_altar_heavens_door
D:2:      layout_rooms, uniq_robin, uniq_jessica
D:3:      layout_basic, kiku_gazebo_pond_becter, led_sif_book,
          nicolae_eternal_life, minmay_misc_feat_iff, nrook_mini_backslash,
          grunt_ministairs_14

Action                   || total
-------------------------++-------
Armor: Leather armour    ||    21
Dodge: Dodged            ||    33
